Map: 사이버 포레스트 - 래더

Players

INnoVation

  • Race: Terran Terran
  • Spawn Location: 11:00

Ragnarok (SHIN) - Winner!

  • Race: Zerg Zerg
  • Spawn Location: 5:00

Event: IEM Season 13: Katowice (2019)

VOD

Have the link to the VOD?

Description

Time

  • Played on: March 1, 2019, 7:40 a.m.
  • Length: 5:23

All games in this series

Show
View Real Time Build Order
Export as new Build Order

INnoVation Terran 

Build Orders: Gas First Reaper Expand, Hellion Banshee 

Get SALT Encoding   

  12  0:01  SCV  
  13  0:13  SCV  
  14  0:17  Supply Depot  
  14  0:25  SCV  
  14  0:28  Refinery  
  15  0:38  SCV  
  16  0:44  Barracks  
  16  0:50  SCV  
  17  1:03  SCV  
  18  1:15  SCV  
  19  1:31  Reaper, Orbital Command  
  20  1:42  Command Center  
  20  1:54  Factory  
  20  1:58  SCV  
  21  2:06  Barracks Reactor  
  21  2:10  SCV  
  21  2:13  Supply Depot  
  22  2:16  Refinery  
  22  2:22  SCV  
  23  2:35  SCV  
  24  2:43  Starport  
  24  2:45  Hellion  
  24  2:46  Hellion  
  24  2:47  SCV  
  24  2:48  Marine  
  30  2:57  Orbital Command  
  30  3:01  SCV  
  31  3:13  SCV  
  31  3:16  Hellion x2  
  31  3:19  Starport Tech Lab  
  36  3:24  SCV  
  36  3:25  SCV  
  38  3:28  Supply Depot  
  38  3:31  Barracks Tech Lab  
  38  3:36  SCV  
  38  3:37  SCV, Cloaking Field  
  40  3:43  Banshee  
  43  3:49  SCV x2  
  43  3:52  Supply Depot  
  45  3:58  Hellion  
  45  3:59  Hellion  
  49  4:05  SCV x2  
  52  4:17  SCV x2  
  53  4:27  Siege Tank, Banshee, Bunker x2  
  53  4:28  Marine x2  
  53  4:30  SCV  
  62  4:34  Supply Depot  
  62  4:40  Bunker  
  62  4:46  Supply Depot  
  62  4:49  SCV, Marine x2  
  62  4:51  Bunker  
  62  4:53  SCV  
  57  5:01  SCV  
  57  5:05  SCV  
Show
View Real Time Build Order
Export as new Build Order

Ragnarok Zerg - Winner!

Build Orders: Hatch First, Roach Nydus 

Get SALT Encoding   

  12  0:00  Drone  
  13  0:12  Overlord  
  13  0:17  Drone  
  14  0:30  Drone x2  
  16  0:49  Hatchery  
  15  0:51  Drone  
  15  0:54  Drone  
  17  0:58  Drone  
  18  1:09  Extractor  
  17  1:13  Spawning Pool  
  17  1:16  Drone  
  17  1:20  Drone  
  18  1:28  Drone  
  19  1:40  Overlord  
  19  1:49  Drone  
  20  2:00  Queen x2  
  24  2:01  Zergling x4  
  26  2:12  Drone x2  
  30  2:22  Drone x2  
  30  2:32  Hatchery  
  30  2:35  Drone  
  29  2:43  Lair  
  29  2:46  Extractor  
  29  2:50  Drone x2  
  30  2:56  Drone x2  
  32  2:59  Drone  
  32  3:05  Queen  
  35  3:14  Overlord  
  35  3:18  Roach Warren  
  34  3:20  Drone  
  35  3:33  Drone x2  
  35  3:34  Drone  
  38  3:37  Drone  
  39  3:41  Nydus Network  
  39  3:45  Queen  
  40  3:50  Drone  
  40  3:54  Overlord  
  41  4:00  Roach x2  
  45  4:04  Roach  
  45  4:06  Roach  
  49  4:13  Roach x2  
  49  4:16  Overlord  
  53  4:18  Nydus Canal  
  53  4:21  Roach  
  53  4:23  Overseer  
  55  4:26  Roach  
  55  4:30  Overlord  
  57  4:37  Roach x2  
  61  4:38  Nydus Canal  
  61  4:42  Roach  
  61  4:45  Roach  
  64  4:47  Roach  
  64  4:52  Roach  
  68  4:55  Nydus Canal  
  68  4:58  Roach  
  68  5:00  Overseer  
  68  5:03  Roach  

Tags
 
Add a new tag
Caveats
  • Supply blocks, unpowered buildings, or Contaminate may cause inaccurate times.
  • Supply counts are checked every 10 seconds.